AoeStats
← _vishi_

Socotra

504272491Analyzed
3v3 RM · 29d ago on Sep 4, 2026· 39m 37s· 6 players
Game mode
Random Map
Map size
128×128
Population
200
Speed
Normal
Resources
Standard
Victory
Conquest
Starting age
Dark Age
Ending age
Imperial Age
RankedLock teamsTeams togetherTeam positionsShared explorationLock speedFull tech treeHidden civsTurbo modeCheats
Victory
Defeat
🇫🇷 Britons · France
1454
+15
🇫🇷 Saracens · France
1363
+19
🇧🇪 Magyars · Belgium
1325
+22
🇨🇦 Japanese · Canada
1445
-19
🇮🇳 Persians · India
1444
-19
🇨🇳 Ethiopians · China
1423
-18
_vishi_
6:49 Loom
9:11 Feudal Age
9:44 Double-Bit Axe
16:18 Wheelbarrow
16:36 Forging
17:17 Bloodlines
17:35 Scale Barding Armor
20:44 Horse Collar
27:12 Castle Age
27:24 Gold Mining
28:30 Bow Saw
28:23 Heavy Plow
29:02 Chain Barding Armor
29:11 Hand Cart
29:56 Husbandry
30:26 Light Cavalry
34:57 Iron Casting
确认过眼神
6:18 Loom
8:50 Feudal Age
9:21 Double-Bit Axe
15:11 Fletching
16:58 Padded Archer Armor
17:04 Horse Collar
18:28 Gold Mining
24:46 Castle Age
24:51 Crossbowman
25:27 Bodkin Arrow
26:35 Leather Archer Armor
29:20 Ballistics
29:19 Scale Mail Armor
30:11 Bow Saw
34:07 Thumb Ring
34:05 Heavy Plow
40:41 Imperial Age
39:58 Gold Shaft Mining
bOOd
6:35 Loom
9:49 Feudal Age
9:57 Man-at-Arms
12:07 Horse Collar
12:50 Double-Bit Axe
16:00 Wheelbarrow
18:30 Fletching
19:03 Padded Archer Armor
23:21 Castle Age
23:04 Gold Mining
24:16 Bodkin Arrow
24:16 Crossbowman
28:35 Thumb Ring
28:48 Bow Saw
31:48 Hand Cart
33:05 Town Watch
33:24 Stone Mining
Sun
6:35 Loom
9:33 Feudal Age
12:12 Scale Barding Armor
17:26 Bloodlines
19:18 Double-Bit Axe
19:15 Horse Collar
24:25 Castle Age
24:34 Wheelbarrow
23:44 Town Watch
23:53 Gold Mining
25:14 Husbandry
25:36 Chain Barding Armor
26:00 Bow Saw
25:52 Heavy Plow
30:58 Gold Shaft Mining
30:54 Light Cavalry
37:16 Hand Cart
Tonymontana
5:31 Loom
9:35 Feudal Age
11:47 Fletching
16:46 Padded Archer Armor
25:52 Double-Bit Axe
25:48 Horse Collar
30:54 Castle Age
28:53 Gold Mining
31:01 Crossbowman
31:41 Bodkin Arrow
32:02 Bow Saw
31:55 Heavy Plow
33:15 Leather Archer Armor
34:15 Gold Shaft Mining
33:47 Town Watch
ccereal
5:31 Loom
6:24 Loom
9:11 Feudal Age
11:53 Fletching
14:03 Padded Archer Armor
15:27 Double-Bit Axe
19:48 Wheelbarrow
23:01 Castle Age
21:23 Horse Collar
21:33 Gold Mining
23:01 Crossbowman
23:37 Bodkin Arrow
27:14 Bow Saw
30:05 Ballistics
37:52 Imperial Age
36:23 Stone Mining
38:34 Bracer
38:16 Arbalester
Connection lost

Rejoining the realm…

Still unreachable

The connection could not be restored.

Session expired

The server has moved on; the page needs a fresh start.